PBL
MADISON BREWERS @ AMERICUS BRAVES
09/05/2044
 
TOP OF THE 1ST
Madison Brewers batting - Pitching for Americus Braves : RHP Justin Collins
Pitching: RHP Justin Collins
Batting: RHB Victor Alarcon 0-0: Ball
1-0: Foul Ball, location: 2F
1-1: Foul Ball, location: 2F
1-2: Ground out 5-3 (Groundball, 5S, EV 86.9 MPH)
Batting: RHB Alfredo Sena 0-0: Called Strike
0-1: Called Strike
0-2: Strikes out looking
Batting: SHB Jerry Duffy 0-0: Ball
1-0: Ball
2-0: Ball
3-0: Foul Ball, location: 2F
3-1: Swinging Strike
3-2: Foul Ball, location: 2F
3-2: Base on Balls
Batting: SHB Ramon Perez 0-0: Ball
1-0: Reached on error, E4 (Groundball, 34, EV 98.1 MPH)
Jerry Duffy to second
Batting: RHB Chris Riddel 0-0: Ball
1-0: Fly out, F3 (Popup, 23F, EV 86.3 MPH)
Top of the 1st over - 0 runs, 0 hits, 1 error, 2 left on base; Madison 0 - Americus 0
BOTTOM OF THE 1ST
Americus Braves batting - Pitching for Madison Brewers : LHP Tim Phillips
Pitching: LHP Tim Phillips
Batting: SHB Jose Melendez 0-0: Ball
1-0: Fly out, F9 (Flyball, 9D, EV 88.1 MPH)
Batting: RHB Joe Young 0-0: Ball
1-0: Foul Ball, location: 2F
1-1: Ball
2-1: Ball
3-1: Ground out 4-3 (Groundball, 4S, EV 82.5 MPH)
Batting: RHB Josh McCormick 0-0: Ball
1-0: Ball
2-0: SINGLE (Groundball, 56D, EV 103.1 MPH)
Batting: RHB Yojiro Hayashi 0-0: Ground out 6-3 (Groundball, 6M, EV 87.5 MPH)
Bottom of the 1st over - 0 runs, 1 hit, 0 errors, 1 left on base; Madison 0 - Americus 0
TOP OF THE 2ND
Madison Brewers batting - Pitching for Americus Braves : RHP Justin Collins
Batting: LHB Sal Burgos 0-0: Called Strike
0-1: Ball
1-1: Swinging Strike
1-2: Strikes out swinging, 2-3 out at first.
Batting: RHB Drew Forbess 0-0: Called Strike
0-1: Ball
1-1: Ball
2-1: Ball
3-1: Swinging Strike
3-2: Fly out, F8 (Flyball, 78D, EV 91.9 MPH)
Batting: RHB Herb McIntyre 0-0: Called Strike
0-1: Called Strike
0-2: Ground out 4-3 (Groundball, 4, EV 93.8 MPH)
Top of the 2nd over - 0 runs, 0 hits, 0 errors, 0 left on base; Madison 0 - Americus 0
BOTTOM OF THE 2ND
Americus Braves batting - Pitching for Madison Brewers : LHP Tim Phillips
Batting: RHB Terry Hughes 0-0: Ball
1-0: Ball
2-0: Ball
3-0: Called Strike
3-1: Ground out U3 (Groundball, 34, EV 108.1 MPH)
Batting: LHB Mark Dearth 0-0: Called Strike
0-1: Swinging Strike
0-2: Strikes out swinging
Batting: RHB Gerard Michel 0-0: Called Strike
0-1: DOUBLE (Line Drive, 9LS, EV 95.6 MPH)
Batting: LHB Tamaichi Sasada 0-0: Called Strike
0-1: Ball
1-1: Called Strike
1-2: Fly out, F6 (Popup, 4MD, EV 44.4 MPH)
Bottom of the 2nd over - 0 runs, 1 hit, 0 errors, 1 left on base; Madison 0 - Americus 0
TOP OF THE 3RD
Madison Brewers batting - Pitching for Americus Braves : RHP Justin Collins
Batting: RHB Justin Marino 0-0: Ball
1-0: Ground out 6-3 (Groundball, 6S, EV 65.6 MPH)
Batting: RHB Victor Alarcon 0-0: Swinging Strike
0-1: Ball
1-1: Foul Ball, location: 2F
1-2: Strikes out looking
Batting: RHB Alfredo Sena 0-0: Called Strike
0-1: Ground out 4-3 (Groundball, 4M, EV 82.5 MPH)
Top of the 3rd over - 0 runs, 0 hits, 0 errors, 0 left on base; Madison 0 - Americus 0
BOTTOM OF THE 3RD
Americus Braves batting - Pitching for Madison Brewers : LHP Tim Phillips
Batting: RHB George Provance 0-0: Called Strike
0-1: Ball
1-1: Swinging Strike
1-2: Ball
2-2: Strikes out swinging
Batting: SHB Jose Melendez 0-0: Fly out, F8 (Flyball, 78M, EV 82.5 MPH)
Batting: RHB Joe Young 0-0: Ball
1-0: Ball
2-0: Called Strike
2-1: Swinging Strike
2-2: Fly out, F7 (Flyball, 7D, EV 93.1 MPH)
Bottom of the 3rd over - 0 runs, 0 hits, 0 errors, 0 left on base; Madison 0 - Americus 0
TOP OF THE 4TH
Madison Brewers batting - Pitching for Americus Braves : RHP Justin Collins
Batting: SHB Jerry Duffy 0-0: Ball
1-0: Ball
2-0: Called Strike
2-1: Foul Ball, location: 2F
2-2: Foul Ball, location: 2F
2-2: SINGLE (Groundball, 56S, EV 73.1 MPH) (infield hit)
Batting: SHB Ramon Perez 0-0: Ball
1-0: Foul Ball, location: 2F
1-1: Ball
2-1: Ball
3-1: Called Strike
Jerry Duffy is caught stealing 2nd base 2-6
3-2: Foul Ball, location: 2F
3-2: SINGLE (Line Drive, 8LS, EV 105.0 MPH)
Batting: RHB Chris Riddel 0-0: Swinging Strike
0-1: Foul Ball, location: 2F
0-2: Fly out, F8 (Flyball, 8LS, EV 93.8 MPH)
Batting: LHB Sal Burgos 0-0: Ball
1-0: Ball
2-0: Ball
3-0: Base on Balls
Ramon Perez to second
Batting: RHB Drew Forbess 0-0: Ball
1-0: Ball
2-0: Called Strike
2-1: Fly out, F8 (Flyball, 8RM, EV 75.6 MPH)
Top of the 4th over - 0 runs, 2 hits, 0 errors, 2 left on base; Madison 0 - Americus 0
BOTTOM OF THE 4TH
Americus Braves batting - Pitching for Madison Brewers : LHP Tim Phillips
Batting: RHB Josh McCormick 0-0: Ball
1-0: Fly out, F5 (Line Drive, 5, EV 68.8 MPH)
Batting: RHB Yojiro Hayashi 0-0: Ball
1-0: Called Strike
1-1: Called Strike
1-2: Ball
2-2: Ball
3-2: Strikes out swinging
Batting: RHB Terry Hughes 0-0: Ball
1-0: Ball
2-0: Ball
3-0: Called Strike
3-1: Foul Ball, location: 2F
3-2: Ground out 4-3 (Groundball, 34, EV 80.0 MPH)
Bottom of the 4th over - 0 runs, 0 hits, 0 errors, 0 left on base; Madison 0 - Americus 0
TOP OF THE 5TH
Madison Brewers batting - Pitching for Americus Braves : RHP Justin Collins
Batting: RHB Herb McIntyre 0-0: Called Strike
0-1: Ball
1-1: Swinging Strike
1-2: Ball
2-2: SINGLE (Groundball, 56D, EV 96.3 MPH)
Batting: RHB Justin Marino 0-0: Fielders Choice at 2nd, 4-6 (Groundball, 34, EV 85.6 MPH)
Batting: RHB Victor Alarcon 0-0: Called Strike
0-1: Ball
1-1: Called Strike
1-2: Foul Ball, location: 2F
1-2: Ball
2-2: Foul Ball, location: 2F
2-2: Fly out, F9 (Line Drive, 9, EV 98.1 MPH)
Batting: RHB Alfredo Sena 0-0: Ball
1-0: Ball
2-0: Foul Ball, location: 2F
2-1: Called Strike
2-2: Ground out 4-3 (Groundball, 4S, EV 80.6 MPH)
Top of the 5th over - 0 runs, 1 hit, 0 errors, 1 left on base; Madison 0 - Americus 0
BOTTOM OF THE 5TH
Americus Braves batting - Pitching for Madison Brewers : LHP Tim Phillips
Now at 2B: Justin Marino
Now at SS: Jesus Menjivar
Batting: LHB Mark Dearth 0-0: Called Strike
0-1: Ball
1-1: Ball
2-1: Ball
3-1: Called Strike
3-2: Strikes out swinging
Batting: RHB Gerard Michel 0-0: Called Strike
0-1: Ball
1-1: Ball
2-1: SOLO HOME RUN (Flyball, 7LD, EV 99.4 MPH), Distance : 368 ft
Batting: LHB Tamaichi Sasada 0-0: Ball
1-0: Fly out, F8 (Flyball, 89D, EV 105.0 MPH)
Batting: RHB George Provance 0-0: Called Strike
0-1: Ball
1-1: Called Strike
1-2: Foul Ball, location: 2F
1-2: Ball
2-2: Foul Ball, location: 2F
2-2: Strikes out swinging
Bottom of the 5th over - 1 run, 1 hit, 0 errors, 0 left on base; Madison 0 - Americus 1
TOP OF THE 6TH
Madison Brewers batting - Pitching for Americus Braves : RHP Justin Collins
Batting: SHB Jerry Duffy 0-0: Foul Ball, location: 2F
0-1: Called Strike
0-2: Reached on error, E3 (Groundball, 13, EV 93.1 MPH)
Batting: SHB Ramon Perez 0-0: Ball
1-0: Ball
2-0: Fly out, F7 (Flyball, 78M, EV 90.0 MPH)
Batting: RHB Chris Riddel 0-0: Ball
Jerry Duffy steals 2nd, throwing error, E2
Jerry Duffy to third
1-0: Foul Ball, location: 2F
1-1: Swinging Strike
1-2: Foul Ball, location: 2F
1-2: Ball
2-2: Strikes out swinging
Batting: LHB Sal Burgos 0-0: Called Strike
0-1: Foul Ball, location: 2F
0-2: Ball
1-2: Ball
2-2: Foul Ball, location: 2F
2-2: Strikes out swinging
Top of the 6th over - 0 runs, 0 hits, 2 errors, 1 left on base; Madison 0 - Americus 1
BOTTOM OF THE 6TH
Americus Braves batting - Pitching for Madison Brewers : LHP Tim Phillips
Batting: SHB Jose Melendez 0-0: Ball
1-0: Fly out, F8 (Flyball, 78M, EV 88.8 MPH)
Batting: RHB Joe Young 0-0: Ball
1-0: Ball
2-0: Ball
3-0: Called Strike
3-1: Base on Balls
Batting: RHB Josh McCormick 0-0: Called Strike
Joe Young steals 2nd base
0-1: Swinging Strike
0-2: Ball
1-2: Strikes out looking
Batting: RHB Yojiro Hayashi 0-0: Ball
1-0: Fly out, F9 (Flyball, 89D, EV 98.1 MPH)
Bottom of the 6th over - 0 runs, 0 hits, 0 errors, 1 left on base; Madison 0 - Americus 1
TOP OF THE 7TH
Madison Brewers batting - Pitching for Americus Braves : RHP Justin Collins
Pitching: RHP Greg Hart
Pinch Hitting: SHB C.J. Olivares 0-0: Ground out 2-3 (Groundball, 13S, EV 71.3 MPH)
Batting: RHB Jesus Menjivar 0-0: Called Strike
0-1: Swinging Strike
0-2: Strikes out swinging
Pinch Hitting: SHB Aaron Neill 0-0: Foul Ball, location: 2F
0-1: Foul Ball, location: 2F
0-2: Ball
1-2: Ball
2-2: Foul Ball, location: 2F
2-2: Strikes out looking
Top of the 7th over - 0 runs, 0 hits, 0 errors, 0 left on base; Madison 0 - Americus 1
BOTTOM OF THE 7TH
Americus Braves batting - Pitching for Madison Brewers : LHP Tim Phillips
Now at 1B: Chris Fruit
Now at 2B: C.J. Olivares
Batting: RHB Terry Hughes 0-0: Foul Ball, location: 2F
0-1: Ball
1-1: Ball
2-1: Foul Ball, location: 2F
2-2: Ball
3-2: Foul Ball, location: 2F
3-2: Base on Balls
Batting: LHB Mark Dearth 0-0: Ball
1-0: Ball
2-0: Called Strike
2-1: Ball
3-1: Fly out, F8 (Flyball, 8LXD, EV 98.1 MPH)
Batting: RHB Gerard Michel 0-0: Called Strike
0-1: Ball
1-1: Ball
2-1: Ground out 5-3 (Groundball, 56S, EV 66.3 MPH)
Terry Hughes to second
Batting: LHB Tamaichi Sasada 0-0: Called Strike
0-1: Ball
1-1: Called Strike
1-2: Ball
2-2: Foul Ball, location: 2F
2-2: Strikes out swinging
Bottom of the 7th over - 0 runs, 0 hits, 0 errors, 1 left on base; Madison 0 - Americus 1
TOP OF THE 8TH
Madison Brewers batting - Pitching for Americus Braves : RHP Greg Hart
Pinch Hitting: LHB Steven Donovan 0-0: Called Strike
0-1: Swinging Strike
0-2: Ground out 5-3 (Groundball, 5L, EV 100.0 MPH)
Pinch Hitting: SHB Sam Bingham 0-0: SINGLE (Line Drive, 4D, EV 100.0 MPH)
Pitching: RHP Manny Rolfe
Batting: SHB Jerry Duffy 0-0: Ball
1-0: Called Strike
1-1: Ball
2-1: SINGLE (Line Drive, 7S, EV 106.3 MPH)
Sam Bingham to second
Batting: SHB Ramon Perez 0-0: Called Strike
0-1: Swinging Strike
0-2: Strikes out swinging
Batting: RHB Chris Riddel 0-0: Ball
1-0: Swinging Strike
1-1: Foul Ball, location: 2F
1-2: Strikes out looking
Top of the 8th over - 0 runs, 2 hits, 0 errors, 2 left on base; Madison 0 - Americus 1
BOTTOM OF THE 8TH
Americus Braves batting - Pitching for Madison Brewers : LHP Tim Phillips
Now in LF: Eli Valles
Now in CF: Steven Donovan
Batting: RHB George Provance 0-0: Ball
1-0: Ball
2-0: Foul Ball, location: 2F
2-1: SOLO HOME RUN (Flyball, 89XD, EV 107.5 MPH), Distance : 413 ft
Batting: SHB Jose Melendez 0-0: Foul Ball, location: 2F
0-1: Called Strike
0-2: Fly out, F7 (Flyball, 78S, EV 88.1 MPH)
Batting: RHB Joe Young 0-0: Ground out 6-3 (Groundball, 6, EV 78.1 MPH)
Batting: RHB Josh McCormick 0-0: Ball
1-0: Called Strike
1-1: Called Strike
1-2: Ball
2-2: Ball
3-2: Base on Balls
Batting: RHB Yojiro Hayashi 0-0: Called Strike
0-1: SINGLE (Line Drive, 56, EV 100.0 MPH)
Josh McCormick to second
Batting: RHB Terry Hughes 0-0: Ball
1-0: Foul Ball, location: 2F
1-1: SINGLE (Line Drive, 6D, EV 95.6 MPH)
Josh McCormick to third
Yojiro Hayashi to second
Runner from 3rd tries for Home, SAFE, throw by LF to home
Batting: LHB Mark Dearth 0-0: Foul Ball, location: 2F
0-1: Ball
1-1: Ball
2-1: Ground out 2-3 (Groundball, 2R, EV 71.3 MPH)
Bottom of the 8th over - 2 runs, 3 hits, 0 errors, 2 left on base; Madison 0 - Americus 3
TOP OF THE 9TH
Madison Brewers batting - Pitching for Americus Braves : RHP Manny Rolfe
Pitching: RHP Gareth Cutts
Batting: LHB Sal Burgos 0-0: Ball
1-0: SOLO HOME RUN (Flyball, 9D, EV 101.9 MPH), Distance : 391 ft
Batting: SHB C.J. Olivares 0-0: Called Strike
0-1: Foul Ball, location: 2F
0-2: Fly out, F7 (Flyball, 7D, EV 98.1 MPH)
Pinch Hitting: LHB Danny Bautista 0-0: SINGLE (Line Drive, 78S, EV 106.3 MPH)
Batting: RHB Chris Fruit 0-0: Ball
1-0: Called Strike
1-1: Ball
2-1: Ball
3-1: Base on Balls
Danny Bautista to second
Batting: LHB Steven Donovan 0-0: Ball
1-0: Swinging Strike
1-1: Foul Ball, location: 2F
1-2: Foul Ball, location: 2F
1-2: Strikes out swinging
Pinch Hitting: SHB Orlando Torres 0-0: Swinging Strike
0-1: Foul Ball, location: 2F
0-2: Hit by Pitch
Danny Bautista to third
Chris Fruit to second
Batting: SHB Jerry Duffy 0-0: DOUBLE (Line Drive, 9LS, EV 98.8 MPH)
Danny Bautista scores
Chris Fruit scores
Orlando Torres to third
Batting: SHB Ramon Perez 0-0: Ball
1-0: Called Strike
1-1: SINGLE (Groundball, 4MD, EV 100.6 MPH) (infield hit)
Orlando Torres scores
Jerry Duffy to third
Pitching: RHP Armando Padron
Batting: RHB Chris Riddel 0-0: Ball
1-0: Foul Ball, location: 2F
1-1: Ball
2-1: 3-RUN HOME RUN (Flyball, 9D, EV 95.0 MPH), Distance : 369 ft
Batting: LHB Sal Burgos 0-0: Ball
1-0: Ball
2-0: Foul Ball, location: 2F
2-1: Swinging Strike
2-2: Strikes out looking
Top of the 9th over - 7 runs, 5 hits, 0 errors, 0 left on base; Madison 7 - Americus 3
BOTTOM OF THE 9TH
Americus Braves batting - Pitching for Madison Brewers : LHP Tim Phillips
Now at SS: Nick Moore
Now in LF: Steven Donovan
Now in CF: Todd Massad
Now in RF: Cameron Rattenbury
Batting: RHB Gerard Michel 0-0: Ball
1-0: Called Strike
1-1: Ground out U3 (Groundball, 3L, EV 85.0 MPH)
Batting: LHB Tamaichi Sasada 0-0: Ground out U3 (Groundball, 3, EV 80.6 MPH)
Batting: RHB George Provance 0-0: Ball
1-0: Foul Ball, location: 2F
1-1: SINGLE (Line Drive, 34D, EV 95.0 MPH)
Batting: SHB Jose Melendez 0-0: Ball
1-0: Ball
2-0: Called Strike
2-1: Foul Ball, location: 2F
2-2: Fly out, F8 (Flyball, 78D, EV 102.5 MPH)
Bottom of the 9th over - 0 runs, 1 hit, 0 errors, 1 left on base; Madison 7 - Americus 3
Thursday, March 31st , 2022 - OOTP Baseball 22.12 Build 89